 Dungeon Crawl Stone Soup version 0.27-a0-460-g297a19dbdb (webtiles) character file.

Game seed: 15613123215669551478

219 Anon1729 the Stinger (level 5, -12/31 HPs)
             Began as an Octopode Venom Mage on Feb 28, 2021.
             Mangled by an ogre
             ... wielding a +0 giant spiked club
              (28 damage)
             ... on level 4 of the Dungeon.
             The game lasted 00:04:58 (4111 turns).

Anon1729 the Stinger (Octopode Venom Mage)          Turns: 4111, Time: 00:04:59

Health: -12/31     AC:  1    Str:  7    XL:     5   Next: 96%
Magic:  9/9        EV: 14    Int: 18    God:
Gold:   121        SH:  0    Dex: 13    Spells: 4/10 levels left

rFire    . . .     SeeInvis .   (no weapon)
rCold    . . .     Faith    .   (no shield)
rNeg     . . .     Spirit   .   (helmet restricted)
rPois    .         Reflect  .   (no amulet)
rElec    .         Harm     .   (no ring)
rCorr    .         Rampage  .   (no ring)
Will     .....                  (no ring)
Stlth    +++.......             (no ring)
HPRegen  0.10/turn              (no ring)
MPRegen  0.11/turn              (no ring)
                                (no ring)
                                (no ring)

@: no status effects
A: almost no armour, stealthy swim, amphibious, 8 rings, constrict 8, camouflage
1, gelatinous body 1
a: no special abilities


You were on level 4 of the Dungeon.
You visited 1 branch of the dungeon, and saw 4 of its levels.

You collected 121 gold pieces.

Inventory:

Jewellery
 h - a +6 ring of dexterity
 m - a +4 ring of protection
Scrolls
 b - 4 scrolls of teleportation
 c - a scroll of identify {unknown}
 d - a scroll of blinking {unknown}
 j - 2 scrolls of enchant armour
 l - 2 scrolls of fear {unknown}
 n - a scroll of amnesia {unknown}
Potions
 a - 2 potions of haste
 e - a potion of might {unknown}
 f - a potion of heal wounds
 g - 2 potions of flight {unknown}
 i - a potion of curing {unknown}
 k - a potion of brilliance {unknown}


   Skills:
 + Level 3.1 Dodging
 + Level 2.7 Stealth
 + Level 3.0 Spellcasting
 + Level 2.5 Transmutations
 * Level 5.6 Poison Magic


You had 4 spell levels left.
You knew the following spells:

 Your Spells              Type           Power        Failure   Level
a - Sting                 Tmut/Pois      68%          3%          1
b - Poisonous Vapours     Pois/Air       24%          8%          2
c - Ignite Poison         Fire/Tmut/Pois 12%          16%         3

Your spell library contained the following spells:

 Spells                   Type           Power        Failure   Level
 Olgreb's Toxic Radiance  Pois           23%          16%         4
 Mephitic Cloud           Conj/Pois/Air  9%           22%         3


Dungeon Overview and Level Annotations

Branches:
Dungeon (4/15)
 Temple: D:4-7

Altars:
Xom

Annotations:
D:3 Grinder
D:4 Pikel


Innate Abilities, Weirdness & Mutations

You cannot wear most types of armour.
You are very stealthy in the water. (Stealth+)
You are amphibious.
You can wear up to eight rings at the same time.
You can use your tentacles to constrict eight enemies at once.
Your skin changes colour to match your surroundings (Stealth+).
Your rubbery body absorbs attacks. (AC +1, EV +1)


Message History

There is a stone staircase leading down, spattered with blood here.
You climb downwards. 3 orcs and 2 lemures come into view.
The orc shouts! x3; You hear an angry hiss.
Found a fizzy black potion and 25 stones.
There is a stone staircase leading up here.
There are monsters nearby!
The sting hits the orc.
The orc is poisoned.
The orc is almost dead.
The sting hits the orc.
The orc looks even sicker.
You kill the orc!
The lemure shouts!
You hear a shout! x2
A lemure comes into view.
Your Spellcasting skill increases to level 3!
The sting hits the orc.
The orc is poisoned.
The orc is lightly wounded.
The lemure shouts! x2; You hear a shout!
The sting hits the orc.
The orc looks even sicker.
You kill the orc!
Pikel the Slaver comes into view.
He is wielding a +2 whip of flaming.
An ogre comes into view. It is wielding a +0 giant spiked club.
The sting hits the orc but does no damage.
The orc is poisoned.
The orc barely misses you.
Unknown command.
The sting hits the orc.
The orc looks even sicker.
The orc is almost dead.
You kill the orc!
A lemure comes into view.
You climb upwards.
Level annotation: Grinder
There is a stone staircase leading down, spattered with blood here.
You start resting.
Magic restored.
You climb downwards.
Level annotation: Pikel A leopard gecko comes into view.
The lemure hits you. The lemure barely misses you. The lemure hits you!
The ogre hits you with a +0 giant spiked club!!
Ouch! That really hurt!
You die...

## #.# ..####.
.......
##†......
#........
#@5.....l
≈≈≈≈.KO5#......
####....# .....
#...## ####
#..5 5... .....
(!....


You could see Pikel, an ogre, 4 lemures and a leopard gecko (wandering).

Vanquished Creatures
  Terence (D:2)
  An orc wizard (D:2)
  6 adders
  A gnoll (D:1)
  An ooze (D:1)
  4 worms (D:2)
  2 dart slugs (D:1)
  3 leopard geckos
  8 orcs
  11 bats
  2 giant cockroaches
  8 goblins
  6 hobgoblins
  2 quokkas (D:3)
  2 ball pythons
  7 frilled lizards
  6 kobolds
  7 rats
78 creatures vanquished.

Notes
Turn   | Place    | Note
-------+----------+-------------------------------------------
     0 | D:1      | Anon1729 the Octopode Venom Mage began the quest for the
                  | Orb.
     0 | D:1      | Reached XP level 1. HP: 11/11 MP: 3/3
    90 | D:1      | Reached XP level 2. HP: 13/17 MP: 0/5
   268 | D:1      | Reached skill level 4 in Poison Magic
   699 | D:1      | Reached XP level 3. HP: 15/21 MP: 0/6
  1638 | D:1      | Reached XP level 4. HP: 11/27 MP: 1/7
  2037 | D:2      | Found a shimmering altar of Xom.
  2242 | D:2      | Noticed Terence
  2252 | D:2      | Killed Terence
  2253 | D:2      | Reached skill level 5 in Poison Magic
  2591 | D:2      | Reached XP level 5. HP: 19/31 MP: 5/9
  3435 | D:3      | Learned a level 2 spell: Poisonous Vapours
  3439 | D:3      | Learned a level 3 spell: Ignite Poison
  3528 | D:2      | HP: 1/31 [orc/+0 dagger (1)]
  3994 | D:3      | Noticed Grinder
  4055 | D:4      | Noticed a lemure
  4055 | D:4      | Noticed a lemure
  4057 | D:4      | Noticed a lemure
  4059 | D:4      | Noticed Pikel
  4059 | D:4      | Noticed an ogre
  4061 | D:4      | Noticed a lemure
  4111 | D:4      | Mangled by an ogre

Illustrated notes

Levels and vault maps discovered:
D:1:      minmay_arrival_hallway, layout_basic
D:2:      layout_basic, lemuel_tele_altar, uniq_terence
D:3:      layout_rooms, serial_corexii_hall, corexii_hall_statues_s,
          chequers_hall_statues_wall_a, corexii_hall_statues_s,
          chequers_ecumenical_altar_lobes, uniq_grinder, uniq_robin
D:4:      layout_rooms, led_sif_book, gammafunk_temple_overflow_statue,
          serial_shops, kennysheep_mini_moat, grunt_decor_cap,
          nrook_mini_backslash, bloody_trog, uniq_pikel

Skill      XL: |  1  2  3  4  5 |
---------------+----------------+-----
Poison Magic   | 4 5 |  5.6
Transmutations | 2 |  2.5
Dodging        | 3 |  3.1
Spellcasting   | 3 |  3.0
Stealth        | |  2.7

Action                   |  1- 3 |  4- 6 || total
-------------------------+-------+-------++-------
Melee: Unarmed           |    42 |    23 ||    65
       Constrict         |    15 |     8 ||    23
       Tentacles         |    11 |     8 ||    19
 Cast: Sting             |    37 |    98 ||   135
  Use: Scroll            |       |     2 ||     2
       Potion            |       |     2 ||     2
 Stab: Sleeping          |     3 |     1 ||     4
Armor: Skin              |     6 |     4 ||    10
Dodge: Dodged            |    44 |    55 ||    99

Table legend: (Time is in decaauts)
 A = Elapsed time spent in this place.
 B = Non-inter-level travel time spent in this place.
 C = Inter-level travel time spent in this place.
 D = Time resting spent in this place.
 E = Time spent auto-exploring this place.
 F = Levels seen in this place.
 G = Mean time per level.
                   A        B        C        D        E       F      G
               +--------+--------+--------+--------+--------+-----+--------+
         Total |   4095 |   3971 |    124 |    363 |   3091 |   4 | 1023.8 |
       Dungeon |   4095 |   3971 |    124 |    363 |   3091 |   4 | 1023.8 |
               +--------+--------+--------+--------+--------+-----+--------+

Top non-repeatable levels by time:
     D:1: 1793 daAuts
     D:2: 1382 daAuts
     D:3: 910 daAuts
     D:4: 8 daAuts
